| TOP OF THE 1ST |
|
Lexington Legends batting - Pitching for Quad Cities River Bandits : RHP Bill Garcia
|
|
Pitching: RHP Bill Garcia
|
|
|
Batting: RHB Jonas Fernandez
|
0-0: Ground out 5-3 (Groundball, 56S, EV 88.1 MPH)
|
|
Batting: LHB Mike Bhatti
|
0-0: DOUBLE (Line Drive, 78M, EV 109.4 MPH)
|
|
Batting: LHB Danny Pacheco
|
0-0: Ball 1-0: Called Strike 1-1: Ball 2-1: 2-RUN HOME RUN (Flyball, 9D, EV 98.1 MPH), Distance : 368 ft
|
|
Batting: RHB Hugo Chavez
|
0-0: Called Strike 0-1: Swinging Strike 0-2: Strikes out looking
|
|
Batting: RHB Ian Hornsby
|
0-0: Called Strike 0-1: SINGLE (Line Drive, 3D, EV 103.8 MPH)
|
|
Batting: RHB Chance Argy
|
0-0: Foul Ball, location: 2F 0-1: Ball 1-1: Foul Ball, location: 2F 1-2: Strikes out swinging
|
| Top of the 1st over - 2 runs, 3 hits, 0 errors, 1 left on base; Lexington 2 - Quad Cities 0 |
| BOTTOM OF THE 1ST |
|
Quad Cities River Bandits batting - Pitching for Lexington Legends : LHP Brett Reed
|
|
Pitching: LHP Brett Reed
|
|
|
Batting: RHB Yi-lin Niu
|
0-0: Ball 1-0: Ball 2-0: Called Strike 2-1: Ball 3-1: Ground out 5-3 (Groundball, 5S, EV 86.9 MPH)
|
|
Batting: RHB Nick Deegan
|
0-0: Foul Ball, location: 2F 0-1: Ball 1-1: SINGLE (Groundball, 6MD, EV 110.6 MPH)
|
|
Batting: RHB Jesus Malave
|
0-0: Ball Passed Ball! Nick Deegan to second 1-0: Called Strike 1-1: Swinging Strike 1-2: Foul Ball, location: 2F 1-2: Strikes out looking
|
|
Batting: RHB Sam Spohn
|
0-0: Ball 1-0: Called Strike 1-1: Foul Ball, location: 2F 1-2: Foul Ball, location: 2F 1-2: Ball 2-2: Ground out 6-3 (Groundball, 6, EV 86.9 MPH)
|
| Bottom of the 1st over - 0 runs, 1 hit, 0 errors, 1 left on base; Lexington 2 - Quad Cities 0 |
| TOP OF THE 2ND |
|
Lexington Legends batting - Pitching for Quad Cities River Bandits : RHP Bill Garcia
|
|
Batting: LHB David Bearden
|
0-0: Called Strike 0-1: Ground out 1-3 (Groundball, 34S, EV 61.2 MPH)
|
|
Batting: RHB Trevor Kingston
|
0-0: Foul Ball, location: 2F 0-1: Ball 1-1: Ball 2-1: Foul Ball, location: 2F 2-2: Strikes out swinging
|
|
Batting: SHB Alex Cavazos
|
0-0: DOUBLE (Line Drive, 89D, EV 106.9 MPH)
|
|
Batting: RHB Jonas Fernandez
|
0-0: Ball 1-0: Ball 2-0: Called Strike 2-1: Called Strike 2-2: Ball 3-2: SINGLE (Groundball, 6MD, EV 96.2 MPH) Alex Cavazos to third Runner from 3rd tries for Home, throw by CF and OUT! 8-2
|
| Top of the 2nd over - 0 runs, 2 hits, 0 errors, 1 left on base; Lexington 2 - Quad Cities 0 |
| BOTTOM OF THE 2ND |
|
Quad Cities River Bandits batting - Pitching for Lexington Legends : LHP Brett Reed
|
|
Batting: LHB Wade Girard
|
0-0: Reached on error, E2 (Groundball, 13S, EV 63.1 MPH)
|
|
Batting: RHB Lamar Thornton
|
0-0: Ball 1-0: Ball 2-0: Ball 3-0: Called Strike 3-1: Base on Balls
|
|
Batting: LHB Jose Chavez
|
0-0: Swinging Strike 0-1: Ball 1-1: Ball 2-1: SINGLE (Groundball, 34D, EV 104.4 MPH) Wade Girard to third Lamar Thornton to second
|
|
Batting: RHB Dave Gallegos
|
0-0: Ball 1-0: Ball 2-0: Called Strike 2-1: Fly out, F7 (Flyball, 78D, EV 100.6 MPH) Runner from 3rd tags up, SCORES, throw by LF
|
|
Batting: RHB John Sabean
|
0-0: Called Strike 0-1: Ball 1-1: Ball 2-1: Ball 3-1: Called Strike 3-2: Foul Ball, location: 2F 3-2: Strikes out swinging
|
|
Batting: RHB Yi-lin Niu
|
0-0: Called Strike 0-1: Foul Ball, location: 2F 0-2: Hit by Pitch Lamar Thornton to third Jose Chavez to second
|
|
Batting: RHB Nick Deegan
|
0-0: Called Strike 0-1: Called Strike 0-2: Ball 1-2: Foul Ball, location: 2F 1-2: Foul Ball, location: 2F 1-2: Ball 2-2: Strikes out swinging
|
| Bottom of the 2nd over - 1 run, 1 hit, 1 error, 3 left on base; Lexington 2 - Quad Cities 1 |
| TOP OF THE 3RD |
|
Lexington Legends batting - Pitching for Quad Cities River Bandits : RHP Bill Garcia
|
|
Batting: LHB Mike Bhatti
|
0-0: Ball 1-0: Ball 2-0: Fly out, F9 (Flyball, 9D, EV 95.6 MPH)
|
|
Batting: LHB Danny Pacheco
|
0-0: Swinging Strike 0-1: Ball 1-1: Swinging Strike 1-2: Foul Ball, location: 2F 1-2: Strikes out swinging
|
|
Batting: RHB Hugo Chavez
|
0-0: Foul Ball, location: 2F 0-1: Foul Ball, location: 2F 0-2: Foul Ball, location: 2F 0-2: Strikes out swinging
|
| Top of the 3rd over - 0 runs, 0 hits, 0 errors, 0 left on base; Lexington 2 - Quad Cities 1 |
| BOTTOM OF THE 3RD |
|
Quad Cities River Bandits batting - Pitching for Lexington Legends : LHP Brett Reed
|
|
Batting: RHB Jesus Malave
|
0-0: Ground out 6-3 (Groundball, 6, EV 96.2 MPH)
|
|
Batting: RHB Sam Spohn
|
0-0: Foul Ball, location: 2F 0-1: Called Strike 0-2: Ball 1-2: Ground out 4-3 (Groundball, 4, EV 103.1 MPH)
|
|
Batting: LHB Wade Girard
|
0-0: Ball 1-0: Ball 2-0: Ball 3-0: Called Strike 3-1: Base on Balls
|
|
Batting: RHB Lamar Thornton
|
0-0: Called Strike 0-1: Ball 1-1: Ball 2-1: Ball 3-1: Base on Balls Wade Girard to second
|
|
Batting: LHB Jose Chavez
|
0-0: Ball 1-0: Ball 2-0: Swinging Strike 2-1: Called Strike 2-2: Ball 3-2: Foul Ball, location: 2F 3-2: Fly out, F7 (Flyball, 7D, EV 80.6 MPH)
|
| Bottom of the 3rd over - 0 runs, 0 hits, 0 errors, 2 left on base; Lexington 2 - Quad Cities 1 |
| TOP OF THE 4TH |
|
Lexington Legends batting - Pitching for Quad Cities River Bandits : RHP Bill Garcia
|
|
Batting: RHB Ian Hornsby
|
0-0: Ball 1-0: Ground out 4-3 (Groundball, 34, EV 103.1 MPH)
|
|
Batting: RHB Chance Argy
|
0-0: Swinging Strike 0-1: Swinging Strike 0-2: Strikes out swinging
|
|
Batting: LHB David Bearden
|
0-0: Foul Ball, location: 2F 0-1: Ground out U3 (Groundball, 3, EV 101.2 MPH)
|
| Top of the 4th over - 0 runs, 0 hits, 0 errors, 0 left on base; Lexington 2 - Quad Cities 1 |
| BOTTOM OF THE 4TH |
|
Quad Cities River Bandits batting - Pitching for Lexington Legends : LHP Brett Reed
|
|
Batting: RHB Dave Gallegos
|
0-0: Called Strike 0-1: Ball 1-1: SINGLE (Groundball, 6MD, EV 101.2 MPH)
|
|
Batting: RHB John Sabean
|
0-0: Called Strike 0-1: Foul Ball, location: 2F 0-2: Foul Ball, location: 2F 0-2: Ball 1-2: Strikes out swinging
|
|
Batting: RHB Yi-lin Niu
|
0-0: Called Strike 0-1: Ball 1-1: SINGLE (Groundball, 3D, EV 102.5 MPH) Dave Gallegos to second Runner from 2nd tries for 3rd, SAFE, throw by RF made to third
|
|
Batting: RHB Nick Deegan
|
0-0: Ball Pickoff Throw by Catcher to First - Out! 1-0: SINGLE (Groundball, 6D, EV 95.0 MPH) Dave Gallegos scores
|
|
Pitching: RHP Justin Potts
|
|
|
Batting: RHB Jesus Malave
|
0-0: Foul Ball, location: 2F 0-1: Ball 1-1: Fly out, F8 (Flyball, 78S, EV 80.0 MPH)
|
| Bottom of the 4th over - 1 run, 3 hits, 0 errors, 1 left on base; Lexington 2 - Quad Cities 2 |
| TOP OF THE 5TH |
|
Lexington Legends batting - Pitching for Quad Cities River Bandits : RHP Bill Garcia
|
|
Batting: RHB Trevor Kingston
|
0-0: Swinging Strike 0-1: Foul Ball, location: 2F 0-2: Foul Ball, location: 2F 0-2: Strikes out swinging, 2-3 out at first.
|
|
Batting: SHB Alex Cavazos
|
0-0: Foul Ball, location: 2F 0-1: Fly out, F7 (Line Drive, 7LM, EV 103.1 MPH)
|
|
Batting: RHB Jonas Fernandez
|
0-0: Ball 1-0: Called Strike 1-1: Called Strike 1-2: Strikes out swinging
|
| Top of the 5th over - 0 runs, 0 hits, 0 errors, 0 left on base; Lexington 2 - Quad Cities 2 |
| BOTTOM OF THE 5TH |
|
Quad Cities River Bandits batting - Pitching for Lexington Legends : RHP Justin Potts
|
|
Batting: RHB Sam Spohn
|
0-0: Ball 1-0: Ball 2-0: Swinging Strike 2-1: Ball 3-1: Called Strike 3-2: Strikes out swinging, 2-3 out at first.
|
|
Batting: LHB Wade Girard
|
0-0: Ball 1-0: Ground out 6-3 (Groundball, P, EV 89.4 MPH)
|
|
Batting: RHB Lamar Thornton
|
0-0: Called Strike 0-1: DOUBLE (Flyball, 8LXD, EV 105.0 MPH)
|
|
Batting: LHB Jose Chavez
|
0-0: Called Strike 0-1: Foul Ball, location: 2F 0-2: Ball Wild Pitch! Lamar Thornton to third 1-2: Ball 2-2: Ball 3-2: Strikes out swinging
|
| Bottom of the 5th over - 0 runs, 1 hit, 0 errors, 1 left on base; Lexington 2 - Quad Cities 2 |
| TOP OF THE 6TH |
|
Lexington Legends batting - Pitching for Quad Cities River Bandits : RHP Bill Garcia
|
|
Batting: LHB Mike Bhatti
|
0-0: Called Strike 0-1: SINGLE (Groundball, 5D, EV 105.0 MPH)
|
|
Batting: LHB Danny Pacheco
|
0-0: Called Strike 0-1: Fly out, F4 (Line Drive, 34, EV 78.8 MPH)
|
|
Batting: RHB Hugo Chavez
|
0-0: Foul Ball, location: 2F 0-1: Ball 1-1: Fielders Choice at 2nd, 5-4 (Groundball, 56, EV 103.1 MPH)
|
|
Batting: RHB Ian Hornsby
|
0-0: Ball 1-0: Ball 2-0: SINGLE (Flyball, 89M, EV 78.8 MPH) Hugo Chavez to second Runner from 2nd tries for 3rd, SAFE, throw by CF made to third
|
|
Batting: RHB Chance Argy
|
0-0: Swinging Strike 0-1: Ball 1-1: Fly out, F6 (Line Drive, 6, EV 67.5 MPH)
|
| Top of the 6th over - 0 runs, 2 hits, 0 errors, 2 left on base; Lexington 2 - Quad Cities 2 |
| BOTTOM OF THE 6TH |
|
Quad Cities River Bandits batting - Pitching for Lexington Legends : RHP Justin Potts
|
|
Pinch Hitting: LHB Aldo Kok
|
0-0: Called Strike 0-1: Ball 1-1: Swinging Strike 1-2: Ball 2-2: Strikes out looking
|
|
Batting: RHB John Sabean
|
0-0: Fly out, F8 (Flyball, 8RM, EV 98.1 MPH)
|
|
Batting: RHB Yi-lin Niu
|
0-0: Swinging Strike 0-1: SINGLE (Line Drive, 56D, EV 99.4 MPH)
|
|
Pitching: RHP Jordan Viveros
|
|
|
Batting: RHB Nick Deegan
|
0-0: Ball 1-0: Called Strike Yi-lin Niu steals 2nd base 1-1: Called Strike 1-2: Hit by Pitch
|
|
Batting: RHB Jesus Malave
|
0-0: Ball 1-0: Ball 2-0: Swinging Strike 2-1: Called Strike 2-2: Strikes out looking
|
| Bottom of the 6th over - 0 runs, 1 hit, 0 errors, 2 left on base; Lexington 2 - Quad Cities 2 |
| TOP OF THE 7TH |
|
Lexington Legends batting - Pitching for Quad Cities River Bandits : RHP Bill Garcia
|
|
Now at 3B: Keith Goodwin
|
|
|
Now at SS: Nick Deegan
|
|
|
Batting: LHB David Bearden
|
0-0: Fly out, F6 (Line Drive, 6, EV 66.2 MPH)
|
|
Batting: RHB Trevor Kingston
|
0-0: Swinging Strike 0-1: Ground out 4-3 (Groundball, 4, EV 96.2 MPH)
|
|
Batting: SHB Alex Cavazos
|
0-0: Ball 1-0: Foul Ball, location: 2F 1-1: Foul Ball, location: 2F 1-2: Reached on error, E4 (Groundball, 4, EV 106.9 MPH)
|
|
Batting: RHB Jonas Fernandez
|
0-0: Swinging Strike 0-1: Ball 1-1: Called Strike 1-2: Ball 2-2: Ball 3-2: Strikes out swinging
|
| Top of the 7th over - 0 runs, 0 hits, 1 error, 1 left on base; Lexington 2 - Quad Cities 2 |
| BOTTOM OF THE 7TH |
|
Quad Cities River Bandits batting - Pitching for Lexington Legends : RHP Jordan Viveros
|
|
Pitching: RHP Oscar Cisneros
|
|
|
Batting: RHB Sam Spohn
|
0-0: Called Strike 0-1: Ball 1-1: Ground out 6-3 (Groundball, 6MD, EV 77.5 MPH)
|
|
Batting: LHB Wade Girard
|
0-0: Foul Ball, location: 2F 0-1: DOUBLE (Line Drive, 9LD, EV 105.0 MPH)
|
|
Batting: RHB Lamar Thornton
|
0-0: Swinging Strike 0-1: SINGLE (Groundball, 4MD, EV 103.8 MPH) Wade Girard to third Runner from 3rd tries for Home, SAFE, throw by CF to home
|
|
Batting: LHB Jose Chavez
|
0-0: Called Strike 0-1: Swinging Strike 0-2: Strikes out looking
|
|
Pinch Hitting: LHB Tomas de Zeeuw
|
0-0: Called Strike 0-1: Foul Ball, location: 2F 0-2: Ball Pickoff Throw to First - Error! E1 Lamar Thornton to second 1-2: Foul Ball, location: 2F 1-2: Foul Ball, location: 2F 1-2: DOUBLE (Groundball, 3L, EV 102.5 MPH) Lamar Thornton scores
|
|
Batting: RHB John Sabean
|
0-0: Ball 1-0: Ground out 1-3 (Groundball, 34S, EV 66.9 MPH)
|
| Bottom of the 7th over - 2 runs, 3 hits, 1 error, 1 left on base; Lexington 2 - Quad Cities 4 |
| TOP OF THE 8TH |
|
Lexington Legends batting - Pitching for Quad Cities River Bandits : RHP Bill Garcia
|
|
Now at 3B: Dustin Hartman
|
|
|
Batting: LHB Mike Bhatti
|
0-0: Foul Ball, location: 2F 0-1: Swinging Strike 0-2: Ball 1-2: Ball 2-2: Strikes out swinging
|
|
Batting: LHB Danny Pacheco
|
0-0: Foul Ball, location: 2F 0-1: Ground out 4-3 (Groundball, 4, EV 103.8 MPH)
|
|
Batting: RHB Hugo Chavez
|
0-0: Ball 1-0: Ball 2-0: Ball 3-0: Called Strike 3-1: Swinging Strike 3-2: Strikes out looking
|
| Top of the 8th over - 0 runs, 0 hits, 0 errors, 0 left on base; Lexington 2 - Quad Cities 4 |
| BOTTOM OF THE 8TH |
|
Quad Cities River Bandits batting - Pitching for Lexington Legends : RHP Oscar Cisneros
|
|
Pitching: RHP Kevin Fleming
|
|
|
Batting: RHB Yi-lin Niu
|
0-0: Called Strike 0-1: Ball 1-1: Foul Ball, location: 2F 1-2: Strikes out looking
|
|
Batting: RHB Nick Deegan
|
0-0: Called Strike 0-1: Foul Ball, location: 2F 0-2: Ball 1-2: Foul Ball, location: 2F 1-2: Foul Ball, location: 2F 1-2: Foul Ball, location: 2F 1-2: SINGLE (Groundball, 6MD, EV 98.1 MPH)
|
|
Batting: RHB Jesus Malave
|
0-0: Called Strike 0-1: Ball 1-1: Foul Ball, location: 2F 1-2: Foul Ball, location: 2F 1-2: Ball 2-2: Strikes out swinging
|
|
Batting: RHB Sam Spohn
|
0-0: Called Strike 0-1: Called Strike 0-2: Ball 1-2: Strikes out swinging
|
| Bottom of the 8th over - 0 runs, 1 hit, 0 errors, 1 left on base; Lexington 2 - Quad Cities 4 |
| TOP OF THE 9TH |
|
Lexington Legends batting - Pitching for Quad Cities River Bandits : RHP Bill Garcia
|
|
Pitching: RHP Mike Rosen
|
|
|
Batting: RHB Ian Hornsby
|
0-0: Foul Ball, location: 2F 0-1: Foul Ball, location: 2F 0-2: Ball 1-2: Ball 2-2: Strikes out swinging
|
|
Batting: RHB Chance Argy
|
0-0: DOUBLE (Line Drive, 89M, EV 104.4 MPH) - OUT at third base trying to stretch hit.
|
|
Batting: LHB David Bearden
|
0-0: Called Strike 0-1: Ball 1-1: Ball 2-1: Foul Ball, location: 2F 2-2: Fly out, F9 (Flyball, 89M, EV 80.6 MPH)
|
| Top of the 9th over - 0 runs, 1 hit, 0 errors, 0 left on base; Lexington 2 - Quad Cities 4 |
|